 Dungeon Crawl Stone Soup version 0.29-a0-1019-g84f7d21838 (webtiles) character file.

Game seed: 2632280375120902843

77 SnekMommy the Grave Robber (level 4, 0/36 HPs)
             Began as a Naga Necromancer on Aug 10, 2022.
             Slain by a worm (8 damage)
             ... on level 3 of the Dungeon.
             The game lasted 00:02:15 (3054 turns).

SnekMommy the Grave Robber (Naga Necromancer)       Turns: 3054, Time: 00:02:16

Health: 0/36       AC:  2    Str: 11    XL:     4   Next: 33%
Magic:  0/7        EV:  9    Int: 17    God:
Gold:   113        SH:  3    Dex: 11    Spells: 7/8 levels left

rFire   . . .      SeeInvis +   a - +0 trident
rCold   . . .      Faith    .   c - +0 buckler
rNeg    . . .      Spirit   .   b - +0 leather armour
rPois   +          Reflect  .   (no helmet)
rElec   .          Harm     .   n - scarf {repulsion}
rCorr   .          Rampage  .   (no gloves)
Will    .....                   (no barding)
Stlth   ++........              (no amulet)
HPRegen 0.12/turn               (no ring)
MPRegen 0.10/turn               (no ring)

@: repel missiles, very slow
A: AC +1, large, see invisible, deformed body, poison resistance, slowness 2,
spit poison 1, naga tail 1
a: Spit Poison


You were on level 3 of the Dungeon.
You visited 1 branch of the dungeon, and saw 3 of its levels.

You collected 113 gold pieces.

Inventory:

Hand Weapons
 a - a +0 trident (weapon)
Armour
 b - a +0 leather armour (worn)
 c - a +0 buckler (worn)
 n - a scarf of repulsion (worn)
Scrolls
 d - 2 scrolls of enchant weapon
 f - a scroll of silence
 g - a scroll of magic mapping
 h - 2 scrolls of poison
 l - a scroll of teleportation {unknown}
 o - a scroll of immolation {unknown}
Potions
 e - a potion of magic
 i - 2 potions of curing
 j - a potion of degeneration {unknown}
 p - a potion of brilliance {unknown}


   Skills:
 + Level 0.1 Fighting
 + Level 0.1 Short Blades
 + Level 0.2 Armour
 + Level 1.8 Dodging
 + Level 3.0 Stealth
 + Level 1.0 Shields
 + Level 2.6 Spellcasting
 + Level 4.9 Necromancy


You had 7 spell levels left.
You knew the following spells:

 Your Spells              Type           Power      Damage    Failure   Level
a - Necrotise             Necr           72%        1d7       4%          1

Your spell library contained the following spells:

 Spells                   Type           Power      Damage    Failure   Level
 Vampiric Draining        Necr           18%        2d7       12%         3
 Animate Dead             Necr           18%        N/A       38%         4
 Agony                    Necr           18%        N/A       75%         5
 Fireball                 Conj/Fire      1%         3d3       100%        5
 Starburst                Conj/Fire      1%         6d3       100%        6
 Ignition                 Fire           1%         3d3       100%        8


Dungeon Overview and Level Annotations

Branches:
Dungeon (3/15)

Altars:
Ru


Innate Abilities, Weirdness & Mutations

Your serpentine skin is tough. (AC +1)
You have supernaturally acute eyesight. (SInv)
Armour fits poorly on your strangely shaped body.
Your system is resistant to poisons. (rPois)
You cover ground very slowly.
You can spit poison.
You have a snake-like lower body.


Message History

Press: ? - help, Shift-Dir - straight line, f - orc, p - phantom
Aim: an orc, wielding a +0 hand axe and wearing a +0 ring mail (moderately wounded, chance to affect: 88%)
The orc writhes in agony!
You kill the orc!
The dead are walking!
The phantom closely misses you.
Unknown command.
You swap places.
Something hits your orc skeleton.
Your orc skeleton blinks!
The frilled lizard closely misses you.
Unknown command.
Casting: Necrotise (safe; 4% risk of failure)
Confirm with . or Enter, or press ? or * to list all spells.
Aiming: Necrotise (safe; 4% risk of failure)
Press: ? - help, Shift-Dir - straight line, f - frilled lizard
Aim: a frilled lizard (chance to affect: 88%)
The frilled lizard writhes in agony.
You kill the frilled lizard!
The dead are walking!
Unknown command.
Casting: Necrotise (safe; 4% risk of failure)
Confirm with . or Enter, or press ? or * to list all spells.
Aiming: Necrotise (safe; 4% risk of failure)
Press: ? - help, Shift-Dir - straight line, f - worm
Aim: a worm (chance to affect: 83%)
The worm barely resists.
You are too injured to fight recklessly!
You are too injured to fight recklessly!
Casting: Necrotise (safe; 4% risk of failure)
Confirm with . or Enter, or press ? or * to list all spells.
Aiming: Necrotise (safe; 4% risk of failure)
Press: ? - help, Shift-Dir - straight line, f/p - worm
Aim: a worm (ally target, chance to affect: 83%)
The worm writhes in agony.
Your frilled lizard skeleton bites the worm.
Unknown command.
You hit the worm but do no damage.
The worm is lightly wounded.
Your frilled lizard skeleton barely misses the worm.
The worm bites you!
You die...

...#..##...<#.....
#.>...ยง.......#
#.................
##.##w.....##l#.#o
#....###..##.###.
#......###...#.....
#.####...W..?.....[
# .....#w#..#.##.
#...#Z@)...#
#...Z##.#.##
#....###....
####...#..#.#
##.#..#.# #... #
.#.. ...


You could see a phantom, a worm (ally target), a friendly frilled lizard
skeleton and a friendly ball python skeleton.

Vanquished Creatures
  4 adders (D:2)
  A worm (D:2)
  A dart slug (D:1)
  An orc (D:3)
  3 ball pythons
  2 endoplasms (D:1)
  2 goblins
  4 hobgoblins
  4 jackals (D:2)
  3 quokkas
  3 bats (D:2)
  A frilled lizard (D:3)
  A kobold (D:1)
  A rat (D:1)
31 creatures vanquished.

Vanquished Creatures (collateral kills)
  2 bats (D:1)
2 creatures vanquished.

Grand Total: 33 creatures vanquished

Notes
Turn   | Place    | Note
-------+----------+-------------------------------------------
     0 | D:1      | SnekMommy the Naga Necromancer began the quest for the Orb.
     0 | D:1      | Reached XP level 1. HP: 15/15 MP: 3/3
   150 | D:1      | Reached XP level 2. HP: 11/22 MP: 1/5
   523 | D:1      | Found a faded altar of an unknown god.
  1147 | D:2      | Reached skill level 1 in Shields
  1147 | D:2      | Reached XP level 3. HP: 28/28 MP: 2/6
  1467 | D:2      | Found a sacrificial altar of Ru.
  1809 | D:2      | HP: 1/28 [poisoned by an adder]
  2427 | D:2      | Reached XP level 4. HP: 36/36 MP: 3/7
  3037 | D:3      | Noticed a phantom
  3054 | D:3      | Slain by a worm

Illustrated notes

Levels and vault maps discovered:
D:1:      mrwooster_arrival_statue_2, layout_basic,
          ebering_ecumenical_altar_webs
D:2:      wad_lake_hut, layout_basic, basic_altar
D:3:      layout_basic, serial_shops, nicolae_shop_advertising_works
          [nicolae_subvault_shop_adworks], uniq_grinder, uniq_jessica

Skill      XL: |  1  2 |
---------------+-------+-----
Shields        | 1 |  1.0
Fighting       | |  0.1
Short Blades   | |  0.1
Armour         | |  0.2
Dodging        | |  1.8
Stealth        | |  3.0
Spellcasting   | |  2.6
Necromancy     | |  4.9

Action                   |  1- 3 |  4- 6 || total
-------------------------+-------+-------++-------
Melee: Unarmed           |     5 |       ||     5
       Dagger            |    10 |       ||    10
       Trident           |       |    11 ||    11
 Cast: Necrotise         |    46 |    19 ||    65
 Abil: Spit Poison       |     2 |       ||     2
  Use: Scroll            |     1 |     4 ||     5
Armor: Robe              |     6 |       ||     6
       Leather armour    |     1 |     1 ||     2
Dodge: Dodged            |    12 |    10 ||    22
Block: Buckler           |     4 |       ||     4

Table legend: (Time is in decaauts)
 A = Elapsed time spent in this place.
 B = Non-inter-level travel time spent in this place.
 C = Inter-level travel time spent in this place.
 D = Time resting spent in this place.
 E = Time spent auto-exploring this place.
 F = Levels seen in this place.
 G = Mean time per level.
                   A        B        C        D        E       F      G
               +--------+--------+--------+--------+--------+-----+--------+
         Total |   3694 |   3468 |    226 |    727 |   2378 |   3 | 1231.3 |
       Dungeon |   3694 |   3468 |    226 |    727 |   2378 |   3 | 1231.3 |
               +--------+--------+--------+--------+--------+-----+--------+

Top non-repeatable levels by time:
     D:2: 2543 daAuts
     D:1: 1127 daAuts
     D:3: 23 daAuts
